 Dungeon Crawl Stone Soup version 0.29.1-15-g9cfb28693d (webtiles) character file.

Game seed: 18199998045020204759

20 javelincjr the Conjurer (level 2, 0/16 HPs)
             Began as a Deep Elf Conjurer on Mar 14, 2023.
             Was a Follower of Qazlal.
             Slain by an orc
             ... wielding a +0 short sword
              (2 damage)
             ... on level 1 of the Dungeon.
             The game lasted 00:01:26 (885 turns).

javelincjr the Conjurer (Deep Elf Conjurer)          Turns: 885, Time: 00:01:26

Health: 0/16       AC:  2    Str:  4    XL:     2   Next: 58%
Magic:  4/8        EV: 12    Int: 22    God:    Qazlal [*.....]
Gold:   73         SH:  1    Dex: 13    Spells: 7/8 levels left

rFire   . . .      SeeInvis .   (no weapon)
rCold   . . .      Faith    .   (no shield)
rNeg    . . .      Spirit   .   a - +0 robe
rPois   .          Reflect  .   (no helmet)
rElec   .          Harm     .   (no cloak)
rCorr   .          Rampage  .   (no gloves)
Will    .....                   (no boots)
Stlth   ++........              (no amulet)
HPRegen 0.05/turn               (no ring)
MPRegen 0.11/turn               (no ring)

@: no status effects
A: no striking features
a: Renounce Religion


You were on level 1 of the Dungeon.
You worshipped Qazlal.
Qazlal was aware of your devotion.
You visited 1 branch of the dungeon, and saw 2 of its levels.

You collected 73 gold pieces.

Inventory:

Armour
 a - a +0 robe (worn)
Scrolls
 c - a scroll of fear {unknown}
 d - 3 scrolls of identify {unknown}
 e - a scroll of teleportation {unknown}
 g - a scroll of silence {unknown}
 h - a scroll of enchant armour {unknown}
Potions
 b - a potion of magic
 f - a potion of curing {unknown}


   Skills:
 * Level 0.9 Fighting
 + Level 2.6 Dodging
 + Level 2.6 Stealth
 * Level 3.5 Spellcasting
 + Level 4.5 Conjurations


You had 7 spell levels left.
You knew the following spells:

 Your Spells              Type           Power      Damage    Failure   Level
a - Magic Dart            Conj           92%        1d7       1%          1

Your spell library contained the following spells:

 Spells                   Type           Power      Damage    Failure   Level
 Searing Ray              Conj           46%        2d6       2%          2
 Dazzling Flash           Conj/Hex       26%        N/A       14%         3
 Fulminant Prism          Conj/Hex       6%         3d7       43%         4
 Iskenderun's Mystic Bla  Conj/Tloc      13%        2d5       43%         4


Dungeon Overview and Level Annotations

Branches:
Dungeon (2/15)

Altars:
Qazlal


Message History

The hobgoblin shouts!
The orc shouts! x2; The goblin shouts!
The hobgoblin shouts!
Found a peridot ring and a stone.
There is a stone staircase leading up here.
The magic dart hits the orc.
The orc is lightly wounded.
The orc shouts!
The orc hits you but does no damage.
The goblin unwields a +0 club.
The goblin wields a +0 sling.
The goblin shoots a sling bullet.
You block the sling bullet.
The magic dart hits the orc.
The orc is severely wounded.
The orc closely misses you. The orc hits you with a +0 short sword.
The goblin shoots a sling bullet.
You block the sling bullet.
The orc hits you with a +0 short sword of speed.
The orc closely misses you.
You climb upwards.
There is a stone staircase leading down here.
You are too injured to fight recklessly!
You are too injured to fight recklessly!
Casting: Magic Dart (safe; 1% risk of failure)
Confirm with . or Enter, or press ? or * to list all spells.
Aiming: Magic Dart (safe; 1% risk of failure)
Press: ? - help, Shift-Dir - straight line, f - orc
Aim: an orc, wielding a +0 short sword (100% to hit)
The magic dart hits the orc.
The orc is heavily wounded.
The orc barely misses you.
The orc hits you with a +0 short sword of speed.
* * * LOW HITPOINT WARNING * * *
The orc closely misses you.
Casting: Magic Dart (safe; 1% risk of failure)
Confirm with . or Enter, or press ? or * to list all spells.
Aiming: Magic Dart (safe; 1% risk of failure)
Press: ? - help, Shift-Dir - straight line, f/p - orc
Aim: an orc, wielding a +0 short sword (heavily wounded, 100% to hit)
The magic dart hits the orc.
The orc is almost dead.
The orc barely misses you. The orc hits you with a +0 short sword.
You die...

#............# #..
#######............# #..
#..............#######..
#..........######.......
#..........# #.......
#.........## #.....##
#.........# #.....##
#.......o.#######.....##
#......@o.+...........##
###.......○.###.........##
#...........# #....##'####
#...#....#### #....<#....#
#...####.# #....>####.#
#...+.##.######....#####..
#...#.##......#(..........
#...#.##..###.#..........#
#.........# #.###........#


You could see 2 orcs.

Vanquished Creatures
  A gnoll (D:1)
  A ball python (D:1)
  2 endoplasms (D:1)
  A hobgoblin (D:1)
  2 kobolds (D:1)
  2 frilled lizards (D:1)
9 creatures vanquished.

Notes
Turn   | Place    | Note
-------+----------+-------------------------------------------
     0 | D:1      | javelincjr the Deep Elf Conjurer began the quest for the
                  | Orb.
     0 | D:1      | Reached XP level 1. HP: 10/10 MP: 6/6
   102 | D:1      | Found a faded altar of an unknown god.
   113 | D:1      | Prayed at the altar of an unknown god.
   113 | D:1      | Became a worshipper of Qazlal Stormbringer
   113 | D:1      | Reached * piety under Qazlal
   199 | D:1      | Reached XP level 2. HP: 16/16 MP: 2/8
   885 | D:1      | Slain by an orc

Illustrated notes

Levels and vault maps discovered:
D:1:      dpeg_arrival_tiny_a, layout_basic, basic_ecumenical_altar
D:2:      layout_loops_cross, basic_altar, minmay_indecisive_spiral

Action                   || total
-------------------------++-------
 Cast: Magic Dart        ||    20
Armor: Robe              ||     1
Dodge: Dodged            ||     5
Block: Other             ||     2
